 Dungeon Crawl Stone Soup version 0.27.0-1-g7a089689b8 (webtiles) character file.

Game seed: 18261165006083227406

56 inmateoo the Insei (level 3, -12/18 HPs)
             Began as a Vine Stalker Transmuter on Aug 6, 2021.
             Blown up by Ijyb (21 damage)
             ... with a mindburst bolt
             ... on level 3 of the Dungeon.
             The game lasted 00:01:39 (1272 turns).

inmateoo the Insei (Vine Stalker Transmuter)        Turns: 1272, Time: 00:01:40

Health: -12/18     AC:  6    Str: 12    XL:     3   Next: 97%
Magic:  0/7        EV: 12    Int: 14    God:
Gold:   35         SH:  0    Dex: 14    Spells: 4/7 levels left

rFire    . . .     SeeInvis .     - Unarmed
rCold    . . .     Faith    .   (no shield)
rNeg     . . .     Spirit   +   a - +1 robe
rPois    .         Reflect  .   (helmet currently unavailable)
rElec    .         Harm     .   (no cloak)
rCorr    .         Rampage  .   h - +2 pair of gloves
Will     .....                  (boots currently unavailable)
Stlth    +.........             (no amulet)
HPRegen  0.06/turn              (no ring)
MPRegen  0.10/turn              (no ring)

@: appendages (expiring), wereblooded
A: horns 2, talons 2, fangs 2, magic shield, antimagic bite, no potion heal 2
a: End Transformation


You were on level 3 of the Dungeon.
You had temporarily grown beastly horns and talons.
You visited 1 branch of the dungeon, and saw 3 of its levels.

You collected 35 gold pieces.

Inventory:

Armour
 a - a +1 robe (worn)
 h - a +2 pair of gloves (worn)
Jewellery
 j - a ring of ice
Potions
 b - a potion of attraction {unknown}
 e - a potion of haste
 f - a potion of magic
 g - a potion of curing


   Skills:
 + Level 2.1 Fighting
 - Level 1.5 Dodging
 + Level 3.6 Unarmed Combat
 + Level 2.5 Spellcasting
 + Level 2.3 Transmutations


You had 4 spell levels left.
You knew the following spells:

 Your Spells              Type           Power      Damage    Failure   Level
a - Beastly Appendage     Tmut           16%        N/A       9%          1
b - Wereblood             Tmut           8%         N/A       13%         2

Your spell library contained the following spells:

 Spells                   Type           Power      Damage    Failure   Level
 Spider Form              Tmut/Pois      2%         N/A       38%         3
 Ice Form                 Ice/Tmut       5%         N/A       80%         4
 Petrify                  Tmut/Erth      5%         N/A       80%         4
 Metabolic Englaciation   Hex/Ice        0%         N/A       99%         5
 Statue Form              Tmut/Erth      3%         N/A       100%        6


Dungeon Overview and Level Annotations

Branches:
Dungeon (3/15)

Altars:

Annotations:
D:3 Ijyb


Innate Abilities, Weirdness & Mutations

You have temporarily grown beastly horns and talons.
You have extremely sharp teeth.
When hurt, damage is shared between your health and your magic reserves.
Your bite disrupts and absorbs the magic of your enemies.
Potions cannot restore your health.


Message History

Found 13 gold pieces.
Found an escape hatch in the floor.
There is a stone staircase leading up here.
Ijyb the Twisted Goblin comes into view.
She is wielding a +0 club and carrying a wand of mindburst (9).
Ijyb shouts!
Ijyb screams, "I dance on your bones!"
You now have 35 gold pieces (gained 13).
Ijyb is nearby!
Ijyb is nearby!
Casting: Wereblood (safe; 13% risk of failure)
Confirm with . or Enter, or press ? or * to list all spells.
You grow a pair of large bovine horns.
Your feet morph into talons.
Ijyb hits you with a +0 club.
Casting: Beastly Appendage (safe; 9% risk of failure)
Confirm with . or Enter, or press ? or * to list all spells.
Your blood is infused with primal strength.
Ijyb hits you with a +0 club.
You hit Ijyb but do no damage. You claw Ijyb. You headbutt Ijyb.
Ijyb is moderately wounded.
Ijyb zaps a wand.
You barely resist. You hit Ijyb but do no damage.
Ijyb is moderately wounded.
You hit Ijyb but do no damage. You claw Ijyb, but do no damage.
Ijyb is moderately wounded.
Ijyb hits you with a +0 club.
You closely miss Ijyb. Your kick misses Ijyb.
You headbutt Ijyb, but do no damage. Your bite misses Ijyb.
Ijyb is moderately wounded.
Your transformation is almost over.
Ijyb barely misses you.
You hit Ijyb but do no damage. You claw Ijyb, but do no damage.
Your bite misses Ijyb.
Ijyb is moderately wounded.
Ijyb barely misses you.
You hit Ijyb but do no damage. Your kick misses Ijyb.
You headbutt Ijyb, but do no damage. Your punch misses Ijyb.
Your bite misses Ijyb.
Ijyb is moderately wounded.
Ijyb zaps a wand.
Your mind is blasted!
Ouch! That really hurt!
You die...

..# ## ... .
...# #. ...#
. ... #. #.#
#
#.###g####.#
#...@......#
###.....##.#
##.....##.###
#....<...>...
#............
#..........##
#.##.........
#. ##......##
.. .......#


You could see Ijyb.

Vanquished Creatures
  2 adders (D:2)
  A worm (D:2)
  3 ball pythons
  5 bats
  6 endoplasms
  A giant cockroach (D:2)
  3 goblins
  4 hobgoblins
  2 quokkas (D:2)
  A frilled lizard (D:2)
  3 kobolds
31 creatures vanquished.

Notes
Turn   | Place    | Note
-------+----------+-------------------------------------------
     0 | D:1      | inmateoo the Vine Stalker Transmuter began the quest for
                  | the Orb.
     0 | D:1      | Reached XP level 1. HP: 9/9 MP: 4/4
    41 | D:1      | Reached skill level 1 in Fighting
   129 | D:1      | Reached XP level 2. HP: 13/14 MP: 6/6
   331 | D:1      | Learned a level 2 spell: Wereblood
   705 | D:2      | Reached XP level 3. HP: 18/18 MP: 3/7
   922 | D:2      | Found a faded altar of an unknown god.
  1260 | D:3      | Noticed Ijyb
  1272 | D:3      | Blown up by Ijyb

Illustrated notes

Levels and vault maps discovered:
D:1:      dpeg_arrival_shelter, layout_basic
D:2:      layout_loops_cross, ebering_ecumenical_altar_sacrificial
D:3:      layout_loops_ring, amcnicky_mini_pool_small, minmay_puff, uniq_ijyb,
          uniq_robin

Skill      XL: |  1  2  3 |
---------------+----------+-----
Fighting       | 1 2 |  2.1
Dodging        | |  1.5
Unarmed Combat | |  3.6
Spellcasting   | |  2.5
Transmutations | |  2.3

Action                   || total
-------------------------++-------
Melee: Unarmed           ||    82
       Bite              ||    17
       Headbutt          ||     9
       Kick              ||    12
 Cast: Beastly Appendage ||    18
       Wereblood         ||     8
  Use: Scroll            ||     6
 Stab: Sleeping          ||     1
Armor: Robe              ||    17
Dodge: Dodged            ||    34
